 Dungeon Crawl Stone Soup version 0.31-a0-150-g89dc3ad700 (webtiles) character file.

Game seed: 14107128610854221695

85 IdlyInterested the Trooper (level 4, -9/35 HPs)
             Began as a Demonspawn Gladiator on June 8, 2023.
             Mangled by Crazy Yiuf
             ... wielding a +3 quarterstaff of chaos
              (17 damage)
             ... on level 3 of the Dungeon.
             The game lasted 00:10:09 (2789 turns).

IdlyInterested the Trooper (Demonspawn Gladiator)   Turns: 2789, Time: 00:10:10

Health: -9/35      AC:  5    Str: 16    XL:     4   Next: 25%
Magic:  4/4        EV: 11    Int:  9    God:
Gold:   65         SH:  0    Dex: 15    Spells: 3/3 levels left

rFire   . . .        w - +2 quarterstaff (spect)
rCold   . . .        (shield currently unavailable)
rNeg    . . .        v - +0 ring mail
rPois   .            (helmet restricted)
rElec   .            (no cloak)
rCorr   .            (no gloves)
SInv    .            (no boots)
Will    .....        (no amulet)
Stlth   +            q - ring of flight
HPRegen 0.25/turn    r - ring of flight
MPRegen 0.18/turn

%: no passive effects
@: flying
A: antennae 1, spiny 1, magic regeneration
a: no special abilities


You were on level 3 of the Dungeon.
You visited 1 branch of the dungeon, and saw 3 of its levels.

You collected 201 gold pieces.
You spent 136 gold pieces at shops.

Inventory:

Hand Weapons
 a - a +0 war axe
 w - a +2 spectral quarterstaff (weapon)
 x - a +0 war axe
Missiles
 d - 3 throwing nets
 e - a javelin
 f - 28 stones (quivered)
 y - a boomerang
Armour
 v - a +0 ring mail (worn)
Jewellery
 q - a ring of flight (left hand)
 r - a ring of flight (right hand)
Scrolls
 c - a scroll of fear {unknown}
 h - a scroll of blinking {unknown}
 i - 2 scrolls of teleportation {unknown}
 j - 3 scrolls of fog {unknown}
 k - a scroll of immolation {unknown}
 m - a scroll of identify {unknown}
 p - a scroll of noise {unknown}
 z - a scroll of enchant weapon {unknown}
Potions
 b - a potion of invisibility {unknown}
 g - a potion of degeneration {unknown}
 l - 3 potions of enlightenment {unknown}
 n - 2 potions of berserk rage {unknown}
 o - a potion of cancellation {unknown}
 s - a potion of curing {unknown}
 t - a potion of haste {unknown}
 u - a potion of heal wounds {unknown}
 A - a potion of might {unknown}
 B - a potion of magic {unknown}


   Skills:
 * Level 3.2 Fighting
 + Level 3.2 Axes
 - Level 1.7 Throwing
 - Level 1.0 Armour
 - Level 2.6 Dodging
 - Level 1.0 Stealth
 - Level 1.0 Shields
 * Level 0.6 Evocations


You had 3 spell levels left.
You didn't know any spells.
Your spell library contained the following spells:

 Spells                   Type           Power      Damage    Failure   Level
 Scorch                   Fire           0%         2d5       75%         2
 Flame Wave               Conj/Fire      0%         2d4       100%        4
 Summon Cactus Giant      Summ           0%         N/A       100%        6


Dungeon Overview and Level Annotations

Branches:
Dungeon (3/15)

Altars:

Shops:
D:1 *!===

Annotations:
D:3 Crazy Yiuf


Innate Abilities, Weirdness & Mutations

You have a pair of small antennae on your head.
You are partially covered in sharp spines.
You regenerate magic rapidly.


Message History

You now have enough gold to buy a scroll labelled GAUSOR YNERIFEEF on D:1, buy a scroll labelled LEFUEPS GIXZY on D:1, or buy 2 potions of degeneration on D:1.
You can access your shopping list by pressing '$'.
You now have 31 gold pieces (gained 14).
You now have enough gold to buy a potion of attraction on D:1, or buy a potion of curing on D:1.
You can access your shopping list by pressing '$'.
You now have 41 gold pieces (gained 10).
You sense a monster nearby.
A kobold comes into view. It is wielding a +0 short sword.
The kobold shouts!
You hit the kobold.
You kill the kobold!
You see here a +0 short sword.
i - 2 scrolls labelled RYZXUR YJAN (gained 1)
B - an emerald potion
Found a leather armour.
Found a stone staircase leading down.
You now have 49 gold pieces (gained 8).
There is a stone staircase leading down here.
You now have enough gold to buy a potion of heal wounds on D:1.
You can access your shopping list by pressing '$'.
You now have 65 gold pieces (gained 16).
Found a runed translucent door.
Crazy Yiuf shouts!
You reach down and open the door.
Crazy Yiuf attacks as you move away! Crazy Yiuf is struck by your spines.
Crazy Yiuf hits you with a +3 quarterstaff of chaos!
Crazy Yiuf freezes you. Crazy Yiuf attacks as you move away!
Crazy Yiuf is struck by your spines.
Crazy Yiuf hits you with a +3 quarterstaff of chaos.
You completely miss Crazy Yiuf.
Crazy Yiuf is heavily wounded.
Your +2 spectral quarterstaff hits Crazy Yiuf!
Crazy Yiuf hits you with a +3 quarterstaff of chaos!
You convulse!
* * * LOW HITPOINT WARNING * * *
You hit Crazy Yiuf but do no damage.
Crazy Yiuf is almost dead.
Your +2 spectral quarterstaff hits Crazy Yiuf but does no damage.
Crazy Yiuf hits you with a +3 quarterstaff of chaos!
You die...

#.############.#
####.# #.#
#....# ##..
##.#### #...
#...## #...
#....# #...
#....# #...
♣....♣ #...
♣♣.@(♣ #..#
♣♣g♣♣ #..# ♣♣.♣
#... ♣.♣♣ #...
♣♣.♣ #.## ♣.♣♣
#.# #'# #.# ...
##########.#
#...#
#..........#


You could see Crazy Yiuf and a friendly +2 spectral quarterstaff.

Vanquished Creatures
  2 adders (D:3)
  A worm (D:2)
  2 dart slugs
  4 orcs (D:3)
  7 endoplasms
  4 giant cockroaches (D:1)
  A goblin (D:3)
  5 hobgoblins
  4 quokkas
  6 ball pythons
  3 bats
  6 kobolds
  9 rats
54 creatures vanquished.

Notes
Turn   | Place    | Note
-------+----------+-------------------------------------------
     0 | D:1      | IdlyInterested the Demonspawn Gladiator began the quest for
                  | the Orb.
     0 | D:1      | Reached XP level 1. HP: 16/16 MP: 1/1
    17 | D:1      | Found Oneduim's Assorted Antiques.
    90 | D:1      | Found Funuki Exzit's Distillery.
   118 | D:1      | Found Riec's Jewellery Boutique.
   125 | D:1      | Found Etaoh's Jewellery Boutique.
   136 | D:1      | Gained mutation: You regenerate magic rapidly. [demonic
                  | ancestry]
   136 | D:1      | Reached XP level 2. HP: 22/22 MP: 2/2
   192 | D:1      | Reached skill level 1 in Armour
   261 | D:1      | Found Ystreqam's Jewellery Boutique.
   653 | D:1      | Gained mutation: You have a pair of small antennae on your
                  | head. [demonic ancestry]
   653 | D:1      | Reached XP level 3. HP: 28/28 MP: 3/3
  1401 | D:1      | Bought a granite ring for 100 gold pieces
  1662 | D:2      | Reached skill level 1 in Stealth
  2076 | D:1      | Bought a purple potion for 18 gold pieces
  2076 | D:1      | Bought a ruby potion for 18 gold pieces
  2315 | D:3      | Reached skill level 1 in Shields
  2461 | D:3      | Gained mutation: You are partially covered in sharp spines.
                  | [demonic ancestry]
  2461 | D:3      | Reached XP level 4. HP: 35/35 MP: 4/4
  2778 | D:3      | Found a runed translucent door.
  2779 | D:3      | Noticed Crazy Yiuf
  2789 | D:3      | Mangled by Crazy Yiuf

Illustrated notes

Levels and vault maps discovered:
D:1:      nzn_arrival_settlement, layout_loops_ring, serial_shops,
          nicolae_shop_advertising_works [nicolae_subvault_shop_adworks],
          nicolae_shop_overgrown_old_shop, nicolae_shop_just_a_little_nook,
          shop, shop, serial_forest, infiniplex_forest_clump_large,
          infiniplex_forest_lined_1, infiniplex_forest_straight_2,
          infiniplex_forest_clump_small, infiniplex_forest_clump_curved,
          infiniplex_forest_lined_room_3, infiniplex_forest_split,
          infiniplex_forest_clump_diagonal, minmay_small_reverse_x
D:2:      layout_basic, basic_altar
D:3:      layout_basic, mainiacjoe_overflow_boulevard,
          nicolae_elyvilon_peaceful_grove, hangedman_decor_growths,
          uniq_crazy_yiuf_cottage

Skill      XL: |  1  2  3 |
---------------+----------+-----
Armour         | 1 |  1.0
Axes           | 3 |  3.2
Stealth        | 1 |  1.0
Fighting       | 3 |  3.2
Shields        | 1 |  1.0
Throwing       | |  1.7
Dodging        | |  2.6
Evocations     | |  0.6

Action                     |  1- 3 |  4- 6 || total
---------------------------+-------+-------++-------
  Melee: War axe           |   151 |       ||   151
         Punch             |     3 |       ||     3
         Quarterstaff      |    13 |    12 ||    25
   Stab: Sleeping          |     3 |       ||     3
 Armour: Leather armour    |    21 |       ||    21
         Ring mail         |     5 |     3 ||     8
  Dodge: Dodged            |    79 |     5 ||    84

Table legend: (Time is in decaauts)
 A = Elapsed time spent in this place.
 B = Non-inter-level travel time spent in this place.
 C = Inter-level travel time spent in this place.
 D = Time resting spent in this place.
 E = Time spent auto-exploring this place.
 F = Levels seen in this place.
 G = Mean time per level.
                   A        B        C        D        E       F      G
               +--------+--------+--------+--------+--------+-----+--------+
         Total |   2850 |   1600 |   1250 |     19 |    842 |   3 |  950.0 |
       Dungeon |   2850 |   1600 |   1250 |     19 |    842 |   3 |  950.0 |
               +--------+--------+--------+--------+--------+-----+--------+

Top non-repeatable levels by time:
     D:1: 1688 daAuts
     D:3: 592 daAuts
     D:2: 569 daAuts
